 Dungeon Crawl Stone Soup version 0.30.0-13-g156ef70053 (webtiles) character file.

Game seed: 18040847099470066724

6021 sizableburger the Fighter (level 10, 0/178 HPs)
             Began as an Ogre Berserker on May 4, 2023.
             Was a High Priest of Trog.
             Succumbed to a killer bee's poison
             ... on level 8 of the Dungeon on May 17, 2023.
             The game lasted 00:23:21 (11760 turns).

sizableburger the Fighter (Ogre Berserker)         Turns: 11760, Time: 00:23:22

Health: 0/178      AC:  8    Str: 27    XL:     10   Next: 86%
Magic:  10/10      EV: 10    Int: 14    God:    Trog [*****.]
Gold:   539        SH:  0    Dex:  8    Spells: 9/9 levels left

rFire   + . .        v - +0 halberd
rCold   . . .        (shield currently unavailable)
rNeg    . . .        a - +0 troll leather armour
rPois   .            (helmet restricted)
rElec   .            y - +2 cloak
rCorr   .            (gloves unavailable)
SInv    .            (boots unavailable)
Will    +....        (no amulet) Stlth
                     j - +6 ring of intelligence
HPRegen 1.29/turn    D - ring of protection from fire
MPRegen 0.12/turn

%: no passive effects
@: berserking, lethally poisoned (0 -> 0), very quick
A: large, unfitting armour, tough skin 1
a: Renounce Religion, Berserk, Trog's Hand, Brothers in Arms


You were on level 8 of the Dungeon.
You worshipped Trog.
Trog was extremely pleased with you.
You visited 2 branches of the dungeon, and saw 10 of its levels.
You also visited: Sewer.

You collected 539 gold pieces.

Inventory:

Hand Weapons
 h - a +0 trident
 v - a +0 halberd (weapon)
 C - a +0 glaive
Missiles
 n - 2 javelins (quivered)
 x - a throwing net
Armour
 a - a +0 troll leather armour (worn)
 y - a +2 cloak (worn)
Jewellery
 j - a +6 ring of intelligence (left hand)
 B - a ring of flight
 D - a ring of protection from fire (right hand)
Wands
 b - a wand of iceblast (3)
 A - a wand of flame (37)
Scrolls
 i - 2 scrolls of teleportation
 m - a scroll of poison
 s - a scroll of enchant weapon
 E - 3 scrolls of vulnerability
Potions
 c - a potion of brilliance
 d - 2 potions of lignification
 e - 4 potions of mutation
 f - 4 potions of haste
 l - 2 potions of might
 o - a potion of magic
 p - a potion of degeneration {unknown}
 q - 3 potions of resistance
 r - a potion of cancellation {unknown}
 t - 6 potions of attraction
 w - 3 potions of curing
 z - 2 potions of heal wounds {unknown}


   Skills:
 + Level 13.6 Fighting
 + Level 11.6 Polearms
 - Level 2.0 Throwing
 - Level 5.1 Dodging


You had 9 spell levels left.
You didn't know any spells.
Your spell library was empty.

Dungeon Overview and Level Annotations

Branches:
Dungeon (9/15)             Temple (1/1) D:4            Lair (0/5) D:8
  Sewer (visited)
    Orc: D:9-12

Altars:
Ashenzari
Cheibriados
Dithmenos
Elyvilon
Fedhas
Gozag
Hepliaklqana
Kikubaaqudgha
Makhleb
Nemelex Xobeh
Qazlal
Ru
Sif Muna
Trog
Uskayaw

Annotations:
D:9 Amaemon


Innate Abilities, Weirdness & Mutations

You are too large for most types of armour.
You have tough skin. (AC +1)


Message History

* * * LOW HITPOINT WARNING * * *
You are more poisoned.
The killer bee poisons you! The killer bee stings you.
* * * LOW HITPOINT WARNING * * *
The kobold closely misses you.
You slice the kobold!!
You kill the kobold!
Trog accepts your kill.
You feel sick. The killer bee closely misses you. The killer bee stings you.
* * * LOW HITPOINT WARNING * * *
Unknown command.
You miss the killer bee.
The killer bee is moderately wounded.
You feel sick.
The killer bee stings you but does no damage. x2
You closely miss the killer bee.
The killer bee is moderately wounded.
You feel sick.
The killer bee stings you but does no damage. x2
The killer bee barely misses you. The killer bee misses you.
You miss the killer bee.
The killer bee is moderately wounded.
You feel sick. The killer bee stings you.
* * * LOW HITPOINT WARNING * * *
The killer bee barely misses you.
You miss the killer bee.
The killer bee is moderately wounded.
You feel sick. The killer bee closely misses you.
The killer bee stings you but does no damage.
You miss the killer bee.
The killer bee is moderately wounded.
You feel sick. The killer bee stings you.
* * * LOW HITPOINT WARNING * * *
The killer bee stings you but does no damage.
You are too berserk!
You impale the killer bee!!
You feel the power of Trog in you as your rage grows.
You kill the killer bee!
Trog accepts your kill.
You die...

...# ###### ##.#
#....#########
##'###.........##.#
#........>.....##.#
...............##.#
#.....###.#######.#
......###.#######.#
......+.......†>#.#
......###'#....)@.#
.#.#........###y..###
....................#
...#........###.#.#.#
...#..............#.#
...#........#...###.#
~~~~~≈..........###'##
~~≈≈≈~~..~...~..##...#
≈≈≈≈≈≈~≈~..~~~..##...######


You could see a killer bee.

Vanquished Creatures
  Pikel (D:8)
  Joseph (D:7)
  A troll (D:7)
  A spriggan (shapeshifter) (D:9)
  A vampire (D:7)
  3 steam dragons
  A sky beast (D:6)
  5 orc warriors
  A black bear (D:4)
  3 centaurs
  5 ogres
  2 wolves (D:7)
  2 lemures (D:8)
  2 phantoms (D:5)
  A kobold brigand (D:7)
  2 bullfrogs
  A gnoll sergeant (D:8)
  A scorpion (D:7)
  6 wights
  6 killer bees
  2 electric eels (D:8)
  4 howler monkeys
  6 jellies
  9 hounds
  4 orc priests
  6 iguanas
  A sleepcap (D:6)
  Ijyb (D:4)
  7 orc wizards
  13 gnolls
  12 adders
  A river rat (Sewer)
  2 shadow imps
  2 worms
  3 dart slugs
  32 orcs
  19 ball pythons
  10 endoplasms
  5 giant cockroaches
  5 goblins
  4 hobgoblins
  A jackal (D:6)
  11 kobolds
  2 quokkas
  4 bats
  7 frilled lizards
  8 rats
227 creatures vanquished.

Vanquished Creatures (others)
  A wizard (D:4)
  Maurice (D:8)
  An orc priest (D:7)
  A gnoll (D:8)
  3 kobolds (D:8)
7 creatures vanquished.

Grand Total: 234 creatures vanquished

Notes
Turn   | Place    | Note
-------+----------+-------------------------------------------
     0 | D:1      | sizableburger the Ogre Berserker began the quest for the
                  | Orb.
     0 | D:1      | Reached XP level 1. HP: 24/24 MP: 1/1
   463 | D:1      | Found a faded altar of an unknown god.
   575 | D:2      | Reached XP level 2. HP: 32/32 MP: 2/2
   691 | D:2      | Reached XP level 3. HP: 31/40 MP: 3/3
   795 | D:2      | Reached skill level 1 in Throwing
  1356 | D:3      | Upgraded the game from 0.30-b1-5-g8e6c1be481 to
                  | 0.30.0-10-gfe55d96785
  1422 | D:3      | Reached XP level 4. HP: 49/49 MP: 4/4
  1691 | D:3      | Reached ** piety under Trog
  1709 | D:3      | Reached skill level 5 in Fighting
  2264 | D:3      | Reached XP level 5. HP: 43/57 MP: 5/5
  2751 | D:3      | Upgraded the game from 0.30.0-10-gfe55d96785 to
                  | 0.30.0-13-g156ef70053
  2760 | D:3      | You fall into a shaft and drop 1 floor!
  2778 | D:4      | Noticed a black bear
  2795 | D:4      | Killed a black bear
  2796 | D:4      | Reached skill level 6 in Fighting
  2796 | D:4      | Reached XP level 6. HP: 38/67 MP: 6/6
  3139 | D:4      | Reached skill level 5 in Polearms
  3157 | D:4      | Found a staircase to the Ecumenical Temple.
  3234 | D:4      | Noticed Ijyb
  3252 | D:4      | Killed Ijyb
  3407 | Temple   | Entered the Ecumenical Temple
  3559 | D:4      | Reached skill level 7 in Fighting
  3708 | D:4      | Reached XP level 7. HP: 78/78 MP: 7/7
  3757 | D:4      | Found a bloodstained altar of Trog.
  3761 | D:4      | Noticed a wizard
  3766 | D:4      | Killed a wizard
  3886 | D:4      | Found a broken altar of Ashenzari.
  4079 | D:5      | Entered Level 5 of the Dungeon
  4167 | D:5      | Found a glowing drain.
  4176 | Sewer    | Entered a sewer
  4246 | Sewer    | Reached *** piety under Trog
  4495 | Sewer    | Found a viscous altar of Jiyva.
  4621 | Sewer    | Reached skill level 8 in Fighting
  5244 | D:5      | Reached XP level 8. HP: 60/89 MP: 8/8
  5465 | D:5      | Reached skill level 9 in Fighting
  5773 | D:5      | Found a hazy altar of Hepliaklqana.
  6689 | D:6      | Reached skill level 10 in Fighting
  7316 | D:6      | Found a sacrificial altar of Ru.
  7622 | D:6      | Reached XP level 9. HP: 85/102 MP: 9/9
  7671 | D:6      | Found a snail-covered altar of Cheibriados.
  8279 | D:6      | Reached **** piety under Trog
  8553 | D:7      | Noticed Joseph
  8569 | D:7      | Killed Joseph
  8570 | D:7      | Reached skill level 5 in Dodging
  8963 | D:7      | Reached skill level 11 in Fighting
  9181 | D:7      | Reached skill level 10 in Polearms
  9467 | D:7      | Reached XP level 10. HP: 85/114 MP: 10/10
 10005 | D:7      | Reached skill level 12 in Fighting
 10700 | D:8      | Found a staircase to the Lair.
 10723 | D:8      | Reached ***** piety under Trog
 10778 | D:8      | Noticed Pikel
 10785 | D:8      | Killed Pikel
 10985 | D:8      | Noticed Maurice
 11028 | D:8      | Killed Maurice
 11029 | D:8      | Reached skill level 13 in Fighting
 11172 | D:8      | Found a sparkling altar of Nemelex Xobeh.
 11643 | D:9      | Noticed an orange demon
 11643 | D:9      | Noticed Amaemon
 11756 | D:8      | HP: 8/178 [poisoned by a killer bee]
 11757 | D:8      | HP: 2/178 [killer bee (6)]
 11760 | D:8      | Succumbed to a killer bee's poison

Illustrated notes

Levels and vault maps discovered:
D:1:      minmay_arrival_nine_rooms, layout_basic,
          hellmonk_ecumenical_altar_run_dry
D:2:      layout_rooms
D:3:      layout_loops_corners, minmay_ruptured
D:4:      layout_loops_ring, mainiacjoe_overflow_tiny_flanked, trog_wizard,
          minmay_temple_entry_slanted, uniq_ijyb
D:5:      layout_gridville, nicolae_hepliaklqana_hippocampus,
          portal_sewer_entry_d, minivault_1
D:6:      layout_loops_corners, nicolae_ru_great_annihilating_truth,
          lemuel_tele_altar
D:7:      dreamdust_elfheim, layout_loops_cross, uniq_joseph
D:8:      layout_basic, mainiacjoe_overflow_surrounded_room, erik_lair_island,
          uniq_pikel, uniq_maurice
D:9:      layout_cave_pools, david_orc_4, uniq_amaemon
Temple:   compressed_dpeg_triangle_lava_temple

Skill      XL: |  1  2  3  4  5  6  7  8  9 10 |
---------------+-------------------------------+-----
Throwing       | 1 2 |  2.0
Fighting       | 5 6 7 8 10 11 13 | 13.6
Polearms       | 4 5 6 8 10 11 | 11.6
Dodging        | 3 5 |  5.1

Action                     |  1- 3 |  4- 6 |  7- 9 | 10-12 || total
---------------------------+-------+-------+-------+-------++-------
  Melee: Spear             |    98 |   221 |   343 |       ||   662
         Punch             |     1 |     1 |       |       ||     2
         Halberd           |       |       |   161 |   220 ||   381
  Throw: Javelin           |       |       |     1 |       ||     1
 Invoke: Berserk           |       |     2 |     4 |     3 ||     9
         Trog's Hand       |       |     1 |       |       ||     1
  Evoke: Wand              |       |     4 |     1 |       ||     5
    Use: Scroll            |       |     1 |    19 |     2 ||    22
         Potion            |       |       |       |     4 ||     4
   Stab: Invisible         |       |       |     1 |       ||     1
         Paralysed         |       |       |     1 |       ||     1
 Armour: Animal skin       |    15 |    39 |    99 |    40 ||   193
         Troll leather arm |       |       |       |    89 ||    89
  Dodge: Dodged            |    37 |    98 |   192 |   194 ||   521
